AoeStats
← Reis

Nomad

505861775Analyzed
4v4 RM · 22d ago on Sep 11, 2026· 57m 11s· 8 players
Game mode
Random Map
Map size
231×231
Population
200
Speed
Normal
Resources
Standard
Victory
Conquest
Starting age
Dark Age
Ending age
Imperial Age
RankedLock teamsTeams togetherTeam positionsShared explorationLock speedFull tech treeHidden civsTurbo modeCheats
Victory
Defeat
🇨🇳 Persians · China
1458
+13
🇨🇳 Vietnamese · China
1394
+16
1358
+17
🇨🇳 Byzantines · China
1278
+20
🇨🇭 Bulgarians · Switzerland
1450
-19
🇧🇷 Japanese · Brazil
1418
-18
🇺🇿 Italians · Uzbekistan
1365
-16
🇳🇱 Hindustanis · Netherlands
1299
-13
Reis
5:31 Loom
13:51 Feudal Age
karbid
5:39 Loom
15:39 Feudal Age
19:47 Castle Age
28:44 Imperial Age
26:49 Fletching
27:34 Double-Bit Axe
32:04 Town Watch
34:50 Wheelbarrow
40:04 Chemistry
39:25 Ballistics
40:07 Bodkin Arrow
42:28 Bracer
43:56 Padded Archer Armor
45:01 Leather Archer Armor
46:45 Bow Saw
48:52 Ring Archer Armor
Boar to Death
5:14 Loom
13:31 Feudal Age
15:29 Town Watch
19:09 Castle Age
17:01 Double-Bit Axe
18:16 Scale Mail Armor
19:59 Horse Collar
21:53 Chain Mail Armor
21:41 Squires
21:26 Arson
22:13 Forging
26:01 Bow Saw
27:04 Iron Casting
34:46 Wheelbarrow
43:12 Gold Mining
46:39 Hand Cart
48:58 Imperial Age
50:04 Conscription
50:47 Blast Furnace
51:51 Shatagni
52:09 Heavy Camel Rider
53:24 Scale Barding Armor
54:04 Imperial Camel Rider
54:54 Bloodlines
54:45 Husbandry
55:12 Chain Barding Armor
MAZZUCCO
4:51 Loom
13:32 Feudal Age
15:38 Town Watch
19:11 Castle Age
25:57 Scale Mail Armor
27:12 Chain Mail Armor
29:52 Fishing Lines
43:44 Forging
50:02 Wheelbarrow
55:07 Fletching
57:30 Squires
57:20 Arson
SimonGood
14:46 Feudal Age
16:11 Double-Bit Axe
18:59 Castle Age
18:02 Scale Barding Armor
17:52 Fletching
18:38 Gold Mining
20:02 Crossbowman
23:49 Bodkin Arrow
25:37 Fishing Lines
26:08 Loom
37:14 Scale Barding Armor
37:22 Forging
38:44 Chain Barding Armor
39:39 Iron Casting
39:15 Gillnets
40:36 Bow Saw
43:57 Ballistics
52:44 Imperial Age
50:52 Elite Skirmisher
54:09 Thumb Ring
53:25 Imperial Skirmisher
57:33 Bracer
哭稀饭(2125613428)
4:38 Loom
13:53 Feudal Age
17:49 Castle Age
17:00 Scale Mail Armor
16:27 Champi Runner
17:18 Arson
18:19 Forging
17:53 Champi Warrior
18:50 Chain Mail Armor
17:57 Champi Warrior
22:11 Squires
25:13 Fishing Lines
26:39 Double-Bit Axe
29:38 Bow Saw
32:58 Imperial Age
32:45 Iron Casting
33:55 Elite Champi Warrior
42:36 Town Watch
45:07 Conscription
47:53 Gillnets
48:40 Wheelbarrow
48:26 Gold Mining
49:46 Clinker Construction
51:52 Hand Cart
52:17 Gold Shaft Mining
51:23 Horse Collar
54:35 Blast Furnace
53:46 Thumb Ring
54:54 Plate Mail Armor
56:12 Fletching
名奈奈奈
5:31 Loom
14:19 Feudal Age
19:36 Castle Age
18:37 Double-Bit Axe
20:41 Medium Warships
21:31 Bow Saw
21:50 Fishing Lines
25:05 Fortified Wall
26:03 Gillnets
32:16 Imperial Age
30:40 Gold Mining
31:18 Sanctity
32:21 Gold Shaft Mining
34:09 Chemistry
33:15 Padded Archer Armor
33:14 Elite Skirmisher
34:34 Imperial Skirmisher
37:37 Wheelbarrow
37:11 Fletching
37:37 Leather Archer Armor
37:54 Bodkin Arrow
37:22 Man-at-Arms
37:47 Gambesons
39:19 Chemistry
38:40 Ballistics
38:39 Hand Cart
39:13 Stone Mining
38:55 Long Swordsman
39:36 Squires
40:05 Scale Mail Armor
40:16 Forging
40:06 Bracer
41:36 Two-Handed Swordsman
47:48 Treadmill Crane
50:07 Ring Archer Armor
51:05 Conscription
54:58 Champion
55:57 Chain Mail Armor
739697286
5:32 Loom
17:54 Feudal Age
18:35 Double-Bit Axe
20:26 Wheelbarrow
19:45 Fishing Lines
21:54 Horse Collar
22:56 Gold Mining
27:22 Castle Age
25:37 Stone Mining
26:46 Bloodlines
27:12 Light Cavalry
35:51 Forging
54:13 Scale Barding Armor
55:20 Husbandry
55:51 Gillnets
58:16 Iron Casting
58:01 Chain Barding Armor
58:16 Iron Casting
58:01 Chain Barding Armor
58:16 Iron Casting
58:02 Chain Barding Armor
58:17 Iron Casting
58:02 Chain Barding Armor
Connection lost

Rejoining the realm…

Still unreachable

The connection could not be restored.

Session expired

The server has moved on; the page needs a fresh start.